 Dungeon Crawl Stone Soup version 0.31.0-32-g396128a36d (webtiles) character file.

Game seed: 1996872430173878214

95 tronn the Sneak (level 4, -3/31 HPs)
             Began as an Octopode Delver on Apr 12, 2024.
             Slain by an ogre zombie (16 damage)
             ... in an ossuary.
             The game lasted 00:03:14 (496 turns).

tronn the Sneak (Octopode Delver)                    Turns: 496, Time: 00:03:14

Health: -3/31      AC:  1    Str: 11    XL:     4   Next: 66%
Magic:  5/5        EV: 14    Int: 12    God:
Gold:   13         SH:  0    Dex: 15    Spells: 4/4 levels left

rFire   . . .        a - +0 short sword
rCold   . . .        (no shield)
rNeg    . . .        (helmet restricted)
rPois   .            (no amulet)
rElec   .            (no ring)
rCorr   .            (no ring)
SInv    .            (no ring)
Will    .....        (no ring)
Stlth   +++++        (no ring)
HPRegen 0.25/turn    (no ring)
MPRegen 0.09/turn    (no ring)
                     (no ring)

%: no passive effects
@: no status effects
A: almost no armour, amphibious, 8 rings, camouflage 1, gelatinous body 1,
(nimble swimmer 1), tentacles
a: no special abilities


You were in an ossuary.
You visited 1 branch of the dungeon, and saw 2 of its levels.
You also visited: Ossuary.

You collected 13 gold pieces.

Inventory:

Hand Weapons
 a - a +0 short sword (weapon)
 h - a +0 trident
Wands
 f - a wand of digging (3)
Scrolls
 b - a scroll of fog
 c - 2 scrolls of revelation
 d - a scroll of fear
 g - a scroll of teleportation {unknown}
Potions
 e - a potion of haste
 i - a potion of attraction {unknown}
 j - a potion of curing {unknown}


   Skills:
 * Level 3.5 Fighting
 + Level 2.4 Short Blades
 * Level 2.7 Dodging
 * Level 7.2 Stealth
 + Level 0.9 Unarmed Combat
 + Level 0.8 Spellcasting
 + Level 1.1 Evocations


You had 4 spell levels left.
You didn't know any spells.
Your spell library was empty.

Dungeon Overview and Level Annotations

Branches:
Dungeon (6/15)            Ossuary (1/1)
 Temple: D:4-7

Altars:


Innate Abilities, Weirdness & Mutations

You cannot wear most types of armour.
You are amphibious.
You can wear up to eight rings at the same time.
Your skin changes colour to match your surroundings (Stealth+).
Your rubbery body absorbs attacks. (AC +1, EV +1)
((You are camouflaged when in or above water. (Stealth+)))
You have tentacles for arms and can constrict up to eight enemies at once.


Message History

You impale the goblin zombie!!
You destroy the goblin zombie!
The helpless quokka zombie fails to defend itself.
You impale the quokka zombie!!
You destroy the quokka zombie!
You open the door.
An ogre zombie comes into view.
There is an open door here.
You hit the ogre zombie.
The ogre zombie is lightly damaged.
You hit the ogre zombie.
The ogre zombie is lightly damaged.
The ogre zombie hits you.
You hit the ogre zombie. You squeeze the ogre zombie.
The ogre zombie is moderately damaged.
The ogre zombie closely misses you.
You hit the ogre zombie.
The ogre zombie is moderately damaged.
You hit the ogre zombie.
The ogre zombie is heavily damaged.
You hit the ogre zombie.
The ogre zombie is heavily damaged.
The ogre zombie hits you!
You barely miss the ogre zombie.
The ogre zombie is heavily damaged.
You hit the ogre zombie.
The ogre zombie is heavily damaged.
The ogre zombie barely misses you.
You barely miss the ogre zombie. You squeeze the ogre zombie.
The ogre zombie is severely damaged.
You hit the ogre zombie.
The ogre zombie is severely damaged.
The ogre zombie hits you.
You hit the ogre zombie.
The ogre zombie is severely damaged.
You hit the ogre zombie.
The ogre zombie is severely damaged.
The ogre zombie hits you!
Ouch! That really hurt!
You die...

########
################
.......M
..............∩#
........
...............#
#+###+##
##+###'#####..#
#...#...#..#
######
###'###.#..#
#....#
#....#.'..#
#....#
#@...###..#
'....#
#Z...#.#..#
#....#
#....#.#..#
######
######.'..#
#....#
#....###..#
#....#
#....#.#..#
'....#
#....#.#..#
#....#
#....'.'..#
######
########..#


You could see an ogre zombie.

Vanquished Creatures
  A centaur zombie (Ossuary)
  2 ogre zombies (Ossuary)
  3 adder zombies (Ossuary)
  An orc (D:6)
  A gnoll zombie (Ossuary)
  4 goblin zombies
  3 hobgoblin zombies (Ossuary)
  A jackal zombie (D:6)
  3 kobold zombies (Ossuary)
  4 quokka zombies (Ossuary)
  6 rat zombies
29 creatures vanquished.

Notes
Turn   | Place    | Note
-------+----------+-------------------------------------------
     0 | D:5      | tronn the Octopode Delver began the quest for the Orb.
     0 | D:5      | Reached XP level 1. HP: 16/16 MP: 1/1
    47 | D:6      | Noticed a wight
    47 | D:6      | Noticed a wight
    47 | D:6      | Noticed a wight
    62 | D:6      | Found a sand-covered staircase.
   114 | D:6      | Noticed a jelly
   137 | Ossuary  | Entered an ossuary
   194 | Ossuary  | Reached XP level 2. HP: 21/21 MP: 2/2
   313 | Ossuary  | Reached skill level 7 in Stealth
   313 | Ossuary  | Reached XP level 3. HP: 24/26 MP: 3/3
   338 | Ossuary  | Reached XP level 4. HP: 15/31 MP: 3/5
   424 | Ossuary  | Reached skill level 1 in Evocations
   496 | Ossuary  | Slain by an ogre zombie

Illustrated notes

Levels and vault maps discovered:
D:5:      layout_cave_pods, kennysheep_mini_moat, mainiacjoe_overflow_alcove_2,
          mainiacjoe_sewer_entry_somewhere_in_here_1, uniq_sigmund
D:6:      minmay_clustersquares, layout_rooms,
          riverfiend_overflow_shadow_ancestor, enter_ossuary_3,
          chequers_mini_garden, minmay_misc_feat_alley, uniq_jeremiah
Ossuary:  ossuary_boxes_badplayer

Skill      XL: |  1  2  3  4 |
---------------+-------------+-----
Stealth        | 7 |  7.2
Evocations     | 1 |  1.1
Fighting       | |  3.5
Short Blades   | |  2.4
Dodging        | |  2.7
Unarmed Combat | |  0.9
Spellcasting   | |  0.8

Action                     |  1- 3 |  4- 6 || total
---------------------------+-------+-------++-------
  Melee: Short sword       |    45 |    23 ||    68
         Tentacles         |    13 |     5 ||    18
         Constrict         |    10 |     1 ||    11
   Stab: Sleeping          |    11 |     7 ||    18
 Armour: Skin              |    10 |     6 ||    16
  Dodge: Dodged            |    20 |     2 ||    22
